 Dungeon Crawl Stone Soup version 0.29-a0-409-gd843f3a48c (webtiles) character file.

Game seed: 15508013282345868598

1610 holysushi the Insei (level 8, -2/60 HPs)
             Began as a Mummy Necromancer on May 14, 2022.
             Was a Priest of Okawaru.
             Slain by a wight
             ... wielding a +5 spear
              (5 damage)
             ... on level 7 of the Dungeon.
             The game lasted 00:11:54 (8324 turns).

holysushi the Insei (Mummy Necromancer)             Turns: 8324, Time: 00:11:55

Health: -2/60      AC:  3    Str: 11    XL:     8   Next: 63%
Magic:  12/12      EV: 13    Int: 15    God:    Okawaru [***...]
Gold:   249        SH:  0    Dex: 14    Spells: 8/12 levels left

rFire   x . .      SeeInvis .     - Unarmed
rCold   + . .      Faith    +   (no shield)
rNeg    + + +      Spirit   .   a - +0 robe
rPois   ∞          Reflect  .   (no helmet)
rElec   .          Harm     .   (no cloak)
rCorr   .          Rampage  .   (no gloves)
Will    +....                   l - +0 pair of boots
Stlth   ++........              n - amulet of faith
HPRegen 0.20/turn               (no ring)
MPRegen 0.13/turn               (no ring)

@: no status effects
A: cold resistance 1, negative energy resistance 3, torment resistance 2, heat
vulnerability 1, in touch with death 1, no potions
a: Renounce Religion, Heroism


You were on level 7 of the Dungeon.
You worshipped Okawaru.
Okawaru was most pleased with you.
You visited 1 branch of the dungeon, and saw 7 of its levels.

You collected 357 gold pieces.
You spent 108 gold pieces at shops.

Inventory:

Hand Weapons
 j - the +0 dagger "Nies" {vorpal, rF+ Int+4}
   (You found it on level 4 of the Dungeon)

   It inflicts extra damage upon your enemies.
   Int:       It affects your intelligence (+4).
   rF:        It protects you from fire.
Armour
 a - a +0 robe (worn)
 l - a +0 pair of boots (worn)
Jewellery
 n - an amulet of faith (around neck)
Wands
 k - a wand of polymorph (4)
 o - a wand of acid (4)
 p - a wand of flame (11)
 q - a wand of mindburst (3)
Scrolls
 b - a scroll of fog
 c - a scroll of vulnerability
 d - 6 scrolls of identify
 e - a scroll of amnesia
 f - 4 scrolls of magic mapping
 g - 3 scrolls of immolation
 h - 2 scrolls of teleportation
 i - a scroll of fear
 m - a scroll of poison {unknown}


   Skills:
 - Level 4.0 Fighting
 + Level 4.0 Dodging
 - Level 1.5 Stealth
 * Level 6.6 Unarmed Combat
 - Level 2.6 Spellcasting
 - Level 4.0 Necromancy
 - Level 3.0 Invocations
 + Level 1.2 Evocations


You had 8 spell levels left.
You knew the following spells:

 Your Spells              Type           Power      Damage    Failure   Level
a - Pain                  Necr           84%        1d8       4%          1
b - Vampiric Draining     Necr           21%        2d7       12%         3

Your spell library contained the following spells:

 Spells                   Type           Power      Damage    Failure   Level
 Agony                    Necr           21%        N/A       73%         5
 Animate Skeleton         Necr           Unusable   N/A       N/A         1
 Animate Dead             Necr           Unusable   N/A       N/A         4

Dungeon Overview and Level Annotations

Branches:
Dungeon (7/15)
 Temple: D:4-7

Altars:
Nemelex Xobeh
Okawaru
Qazlal
Sif Muna
Zin

Shops:
D:2 =?:?   D:7 (


Innate Abilities, Weirdness & Mutations

You are immune to poison.
Your flesh is cold resistant. (rC+)
You are immune to negative energy. (rN+++)
You are immune to unholy pain and torment.
You are vulnerable to heat. (rF-)
You are in touch with the powers of death.
You do not drink.


Message History

Where to? (Enter - D:6, ? - help)
Items here: ))))) [[[[.
There is a stone staircase leading down here.
You climb downwards.
Found a bone wand.
Found a stone staircase leading down.
There is a stone staircase leading up here.
q - a wand of mindburst (3)
There is a stone staircase leading up here.
You now have 237 gold pieces (gained 19).
Found Xikitac's Antique Weapon Emporium.
You now have 249 gold pieces (gained 12).
There is an entrance to Xikitac's Antique Weapon Emporium here.
You open the door.
There is an open door here.
Found 4 boomerangs.
Found a hand axe.
You see here 4 boomerangs.
You see here a +0 hand axe.
A white imp comes into view.
A white imp is nearby!
A white imp is nearby!
A wight comes into view. It is wielding a +5 spear.
You punch the white imp!
The white imp is almost dead.
You hit the white imp.
You kill the white imp!
Okawaru accepts your kill.
The wight hits you from afar with a +5 spear.
The wight hits you with a +5 spear.
You barely miss the wight. The wight hits you with a +5 spear!
You hit the wight but do no damage. The wight hits you with a +5 spear.
You hit the wight but do no damage. The wight hits you with a +5 spear!
You hit the wight but do no damage. The wight hits you with a +5 spear!
* * * LOW HITPOINT WARNING * * *
You closely miss the wight. The wight hits you with a +5 spear!
* * * LOW HITPOINT WARNING * * *
You can't see any enemies this would affect, really read the scroll of fear?
Okay, then.
The wight attacks as you move away! The wight hits you with a +5 spear.
You die...

########+#######
#..............#### #
#..............##.. #.
#.......)..(...##.#
#.##.....##....#.....#
##........#####........
#.........+.......#....
#.........#########.##.
#.....@...# ........
#....z....# .#...#.#
##...###### ........
#... .#.##### #.. # #..
#. #.


You could see a wight.

Vanquished Creatures
  Sigmund (D:2)
  Duvessa (D:6)
  2 ice beasts (D:5)
  A black bear (D:5)
  2 phantoms (D:4)
  Blork the orc (D:5)
  2 necrophages
  3 scorpions
  Dowan (D:6)
  3 howler monkeys
  A gnoll shaman (D:6)
  2 hounds
  An orc priest (D:6)
  An iguana (D:5)
  2 orc wizards (D:6)
  Robin (D:1)
  2 gnolls (D:6)
  6 adders
  3 white imps
  An ufetubus (D:4)
  5 worms
  A dart slug (D:4)
  4 orcs (D:6)
  11 ball pythons
  7 endoplasms
  A giant cockroach (D:4)
  13 goblins
  9 hobgoblins
  3 jackals (D:1)
  5 kobolds
  A quokka (D:1)
  11 bats
  6 frilled lizards
  5 rats
  A spectral kobold (D:1)
120 creatures vanquished.

Vanquished Creatures (others)
  A gnoll (D:6)
1 creature vanquished.

Grand Total: 121 creatures vanquished

Notes
Turn   | Place    | Note
-------+----------+-------------------------------------------
     0 | D:1      | holysushi the Mummy Necromancer began the quest for the
                  | Orb.
     0 | D:1      | Reached XP level 1. HP: 13/13 MP: 4/4
    93 | D:1      | Reached skill level 1 in Unarmed Combat
   628 | D:1      | Reached XP level 2. HP: 19/19 MP: 1/5
  1068 | D:1      | Found a faded altar of an unknown god.
  1088 | D:1      | Prayed at the altar of an unknown god.
  1088 | D:1      | Became a worshipper of Warmaster Okawaru
  1088 | D:1      | Reached * piety under Okawaru
  1739 | D:1      | Gained mutation: You are in touch with the powers of death.
                  | [Mummy growth]
  1739 | D:1      | Reached XP level 3. HP: 23/25 MP: 0/7
  1747 | D:1      | Reached skill level 2 in Unarmed Combat
  2248 | D:2      | Found Egguew's Jewellery Emporium.
  2302 | D:2      | Reached skill level 1 in Fighting
  2306 | D:2      | Noticed Robin
  2377 | D:1      | Reached skill level 1 in Invocations
  2552 | D:1      | Killed Robin
  2553 | D:1      | Reached XP level 4. HP: 19/32 MP: 1/8
  2781 | D:2      | Found Leass's Magic Scroll Emporium.
  2788 | D:2      | Bought a scroll of teleportation for 36 gold pieces
  3186 | D:2      | Found Reitewn's Magic Scroll Boutique.
  3208 | D:2      | Bought a scroll of identify for 24 gold pieces
  3208 | D:2      | Bought a scroll of identify for 24 gold pieces
  3208 | D:2      | Bought a scroll of identify for 24 gold pieces
  3233 | D:2      | Found Veunuhixa's Book Shoppe.
  3276 | D:2      | Noticed Sigmund
  3294 | D:2      | Killed Sigmund
  3295 | D:2      | Reached skill level 3 in Unarmed Combat
  3295 | D:2      | Reached XP level 5. HP: 17/39 MP: 0/9
  3295 | D:2      | Reached XP level 6. HP: 20/46 MP: 0/10
  4480 | D:4      | Identified the +0 dagger "Nies" {vorpal, rF+ Int+4}
  4540 | D:4      | Learned a level 3 spell: Vampiric Draining
  4658 | D:4      | Reached skill level 4 in Unarmed Combat
  4975 | D:4      | Found a sparkling altar of Nemelex Xobeh.
  4977 | D:4      | Found a shimmering blue altar of Sif Muna.
  5115 | D:5      | Entered Level 5 of the Dungeon
  5373 | D:4      | Reached XP level 7. HP: 13/52 MP: 8/11
  5790 | D:5      | Found a stormy altar of Qazlal.
  5885 | D:5      | Reached ** piety under Okawaru
  5975 | D:5      | Noticed Blork the orc
  5990 | D:5      | Killed Blork the orc
  6240 | D:5      | Reached skill level 5 in Unarmed Combat
  6405 | D:5      | Reached XP level 8. HP: 53/60 MP: 7/12
  6808 | D:6      | Reached *** piety under Okawaru
  6809 | D:6      | Reached skill level 6 in Unarmed Combat
  7546 | D:6      | Noticed Duvessa
  7581 | D:6      | Killed Duvessa
  7601 | D:6      | Noticed Dowan
  7626 | D:6      | Killed Dowan
  7627 | D:6      | Reached skill level 1 in Evocations
  8275 | D:7      | Found Xikitac's Antique Weapon Emporium.
  8323 | D:7      | HP: 3/60 [wight/+5 spear (14)]
  8324 | D:7      | Slain by a wight

Illustrated notes

Levels and vault maps discovered:
D:1:      wander_arrival_lonely_grave, layout_loops_corners,
          dreamdust_ecumenical_altar_drowned_temple
D:2:      layout_loops_ring, serial_shops, nicolae_shop_waterfront,
          shop_fountains, shop, nicolae_shop_trees, uniq_robin, uniq_sigmund
D:3:      layout_rooms, mainiacjoe_overflow_24_doors, skrybe_limestone_x
D:4:      layout_rooms, chequers_temple_overflow_statue_of_worship
D:5:      layout_rooms, grunt_qazlal_clouds, corexii_leaking_fountain,
          kennysheep_dice, uniq_blork_the_orc
D:6:      layout_basic, grunt_decor_junction, uniq_duvessa
D:7:      corexii_shack_village, layout_basic, lemuel_zombie_altar_yredelemnul,
          minmay_temple_entry_mist, serial_shops, shop

Skill      XL: |  1  2  3  4  5  6  7  8 |
---------------+-------------------------+-----
Unarmed Combat | 1 2 3 4 5 6 |  6.6
Fighting       | 1 2 3 4 |  4.0
Invocations    | 1 2 3 |  3.0
Dodging        | 2 3 4 |  4.0
Evocations     | 1 |  1.2
Stealth        | |  1.5
Spellcasting   | |  2.6
Necromancy     | |  4.0

Action                   |  1- 3 |  4- 6 |  7- 9 || total
-------------------------+-------+-------+-------++-------
Melee: Unarmed           |    87 |   111 |   165 ||   363
       Punch             |     3 |     3 |     7 ||    13
 Cast: Pain              |    61 |    74 |    25 ||   160
       Vampiric Draining |       |       |    11 ||    11
Invok: Heroism           |     1 |     4 |     3 ||     8
Evoke: Wand              |       |       |     5 ||     5
  Use: Scroll            |       |     6 |       ||     6
 Stab: Sleeping          |       |     2 |       ||     2
Armor: Robe              |    24 |    13 |    16 ||    53
Dodge: Dodged            |    88 |    67 |   100 ||   255

Table legend: (Time is in decaauts)
 A = Elapsed time spent in this place.
 B = Non-inter-level travel time spent in this place.
 C = Inter-level travel time spent in this place.
 D = Time resting spent in this place.
 E = Time spent auto-exploring this place.
 F = Levels seen in this place.
 G = Mean time per level.
                   A        B        C        D        E       F      G
               +--------+--------+--------+--------+--------+-----+--------+
         Total |   8304 |   8126 |    178 |   2685 |   4091 |   7 | 1186.3 |
       Dungeon |   8304 |   8126 |    178 |   2685 |   4091 |   7 | 1186.3 |
               +--------+--------+--------+--------+--------+-----+--------+

Top non-repeatable levels by time:
     D:1: 2613 daAuts
     D:6: 1677 daAuts
     D:4: 1200 daAuts
     D:2: 1114 daAuts
     D:5: 881 daAuts
     D:3: 746 daAuts
     D:7: 69 daAuts
